 Dungeon Crawl Stone Soup version 0.31-a0-1057-g70f3316b05 (webtiles) character file.

Game seed: 5029640225406932129

25 Gladio the Trooper (level 3, -3/34 HPs)
             Began as a Naga Fighter on Nov 20, 2023.
             Killed from afar by Sigmund (6 damage)
             ... with a magic dart
             ... on level 2 of the Dungeon.
             The game lasted 00:01:23 (824 turns).

Gladio the Trooper (Naga Fighter)                    Turns: 824, Time: 00:01:24

Health: -3/34      AC:  7    Str: 20    XL:     3   Next: 6%
Magic:  3/3        EV:  3    Int:  8    God:
Gold:   16         SH:  0    Dex: 10    Spells: 2/2 levels left

rFire   . . .        a - +0 war axe
rCold   . . .        c - +0 buckler
rNeg    . . .        j - +0 plate armour
rPois   +            (no helmet)
rElec   .            (no cloak)
rCorr   .            (no gloves)
SInv    +            (no barding)
Will    .....        (no amulet) Stlth
                     (no ring)
HPRegen 0.25/turn    (no ring)
MPRegen 0.08/turn

%: no passive effects
@: confused, very slow
A: AC +1, large, see invisible, deformed body, poison resistance, slowness 2,
spit poison 1, naga tail 1
a: Spit Poison


You were on level 2 of the Dungeon.
You visited 1 branch of the dungeon, and saw 2 of its levels.

You collected 16 gold pieces.

Inventory:

Hand Weapons
 a - a +0 war axe (weapon)
Missiles
 f - 2 boomerangs
 i - 6 curare-tipped darts
Armour
 b - a +0 scale mail
 c - a +0 buckler (worn)
 j - a +0 plate armour (worn)
Jewellery
 n - an amulet of magic regeneration
Scrolls
 e - a scroll of identify {unknown}
 g - a scroll of acquirement {unknown}
 l - a scroll of enchant armour {unknown}
 m - a scroll of fog {unknown}
Potions
 d - a potion of might
 h - 2 potions of brilliance {unknown}
 k - a potion of curing {unknown}


   Skills:
 + Level 3.4 Fighting
 * Level 3.0 Axes
 - Level 2.4 Armour
 - Level 2.6 Shields


You had 2 spell levels left.
You didn't know any spells.
Your spell library was empty.

Dungeon Overview and Level Annotations

Branches:
Dungeon (2/15)

Altars:

Shops:
D:2 :

Annotations:
D:2 Sigmund


Innate Abilities, Weirdness & Mutations

Your serpentine skin is tough. (AC +1)
You have supernaturally acute eyesight. (SInv)
Armour fits poorly on your strangely shaped body.
Your system is resistant to poisons. (rPois)
You cover ground very slowly.
You can spit poison.
You have a snake-like lower body.


Message History

You closely miss Sigmund.
Sigmund is moderately wounded.
Sigmund casts a spell at you. You resist with some effort.
You hit Sigmund.
Sigmund is moderately wounded.
Sigmund gestures at you while chanting. The magic dart hits you.
Sigmund barely misses you.
The splash of poison hits Sigmund!
Sigmund is poisoned.
Sigmund is heavily wounded.
You barely miss Sigmund.
Sigmund is heavily wounded.
Sigmund casts a spell at you.
You are confused.
Sigmund hits you with a +0 scythe!
You closely miss Sigmund.
Sigmund is severely wounded.
Sigmund hits you with a +0 scythe.
You miss Sigmund.
Sigmund is severely wounded.
You have got your breath back.
You bump into the rock wall.
Sigmund gestures at you while chanting.
You are more confused.
You're too confused to move!
Sigmund hits you with a +0 scythe!
* * * LOW HITPOINT WARNING * * *
Sigmund hits you but does no damage.
Unknown command.
Sigmund looks more healthy.
Sigmund gestures at you while chanting.
You are more confused.
You bump into the rock wall.
Sigmund casts a spell at you. The puff of flame hits you!
* * * LOW HITPOINT WARNING * * *
You bump into the rock wall.
Sigmund casts a spell at you. The magic dart hits you.
You die...
Sigmund begins carving another notch in his scythe.

#....# #. ..# #.... #.
#.# #...# #. # #.#
#...# #. #. #.# #...#
#####. #.##.##.#
###...###.....
#..$...%#
#.......#.###.
#......@#
#.......#.###. #@#
#.##........#.
####.###.##..........
#......#.......#.#.#.
#.##.#.#.......#.....
##.##...........###...
.......>............##
#.........#.##.###.##
#.####.#.......##....
#.####.#.......##..##


You could see Sigmund.

Vanquished Creatures
  A worm (D:2)
  5 endoplasms
  A giant cockroach (D:2)
  A goblin (D:1)
  4 hobgoblins
  2 kobolds
  A quokka (D:1)
  2 ball pythons (D:1)
  2 bats (D:1)
  A rat (D:1)
20 creatures vanquished.

Notes
Turn   | Place    | Note
-------+----------+-------------------------------------------
     0 | D:1      | Gladio the Naga Fighter began the quest for the Orb.
     0 | D:1      | Reached XP level 1. HP: 21/21 MP: 1/1
   134 | D:1      | Found a faded altar of an unknown god.
   164 | D:1      | Reached XP level 2. HP: 23/28 MP: 2/2
   583 | D:2      | Found Gima's Vocational Training.
   741 | D:2      | Reached XP level 3. HP: 34/34 MP: 3/3
   808 | D:2      | Noticed Sigmund
   824 | D:2      | Killed from afar by Sigmund

Illustrated notes

Levels and vault maps discovered:
D:1:      dpeg_arrival_simpleton_a, layout_rooms,
          hellmonk_ecumenical_altar_leap_of_faith, minmay_misc_feat_iff,
          st_stairs_3, chequers_serial_rivers_micro_e
D:2:      layout_loops_cross, st_stairs_10, nicolae_shop_vocational,
          uniq_sigmund

Skill      XL: |  1  2 |
---------------+-------+-----
Axes           | 3 |  3.0
Fighting       | |  3.4
Armour         | |  2.4
Shields        | |  2.6

Action                     || total
---------------------------++-------
  Melee: War axe           ||    62
Ability: Spit Poison       ||    13
 Armour: Scale mail        ||    11
         Plate armour      ||    44
  Dodge: Dodged            ||    15
  Block: Buckler           ||    14

Table legend: (Time is in decaauts)
 A = Elapsed time spent in this place.
 B = Non-inter-level travel time spent in this place.
 C = Inter-level travel time spent in this place.
 D = Time resting spent in this place.
 E = Time spent auto-exploring this place.
 F = Levels seen in this place.
 G = Mean time per level.
                   A        B        C        D        E       F      G
               +--------+--------+--------+--------+--------+-----+--------+
         Total |   1074 |    994 |     80 |      0 |    792 |   2 |  537.0 |
       Dungeon |   1074 |    994 |     80 |      0 |    792 |   2 |  537.0 |
               +--------+--------+--------+--------+--------+-----+--------+

Top non-repeatable levels by time:
     D:1: 654 daAuts
     D:2: 419 daAuts
